 Dungeon Crawl Stone Soup version 0.24.0-13-gcf9b319 (webtiles) character file.

Game seed: 4678686464777716372, levelgen mode: deterministic

1316 CBukowski the Geomancer (level 8, 0/41 HPs)
             Began as a Gargoyle Earth Elementalist on Nov 12, 2019.
             Was a Follower of Vehumet.
             Slain by an orc warrior
             ... wielding a +0 glaive
              (22 damage)
             ... on level 6 of the Dungeon.
             The game lasted 00:42:20 (6816 turns).

CBukowski the Geomancer (GrEE)                      Turns: 6816, Time: 00:42:20

Health: 0/41       AC: 12    Str: 13    XL:     8   Next: 59%
Magic:  7/12       EV:  9    Int: 17    God:    Vehumet [*.....]
Gold:   208        SH:  9    Dex: 10    Spells: 7/13 levels left

rFire    + . .     SeeInvis .   (no weapon)
rCold    + . .     Gourm    .   e - +2 shield
rNeg     + . .     Faith    .   y - +2 robe {rC+ rF+}
rPois    ∞         Spirit   .   r - +0 helmet
rElec    +         Reflect  .   f - +0 cloak
rCorr    .         Harm     .   (no gloves)
MR       .....                  i - +0 pair of boots
Stlth    ++........             (no amulet)
HPRegen  0.13/turn              (no ring)
MPRegen  0.13/turn              (no ring)

@: no status effects
A: negative energy resistance 1, electricity resistance, unbreathing,
petrification resistance, rot immunity, AC +5
a: Renounce Religion


You were on level 6 of the Dungeon.
You worshipped Vehumet.
Vehumet was aware of your devotion.
You were not hungry.

You visited 2 branches of the dungeon, and saw 7 of its levels.

You collected 208 gold pieces.

Inventory:

Missiles
 b - 7 stones (quivered)
Armour
 e - a +2 shield (worn)
 f - a +0 cloak (worn)
 i - a +0 pair of boots (worn)
 r - a +0 helmet (worn)
 y - a +2 robe of resistance (worn)
Jewellery
 u - an uncursed amulet of harm
Wands
 p - a wand of random effects (12)
 q - a wand of digging (6)
 t - a wand of polymorph (11)
Scrolls
 a - 2 scrolls of noise {unknown}
 c - a scroll of teleportation {unknown}
 g - 5 scrolls of identify
 j - 2 scrolls of magic mapping {unknown}
 k - 3 scrolls of remove curse
 l - 2 scrolls of enchant armour {unknown}
 o - 2 scrolls of fear {unknown}
 w - a scroll of random uselessness {unknown}
Potions
 h - 3 potions of flight
 m - a potion of curing
 n - a potion of agility {unknown}
 s - 2 potions of magic {unknown}
 v - a potion of might {unknown}
 z - a potion of haste {unknown}
Comestibles
 d - 6 rations


   Skills:
 - Level 1.5 Dodging
 - Level 2.1 Stealth
 - Level 1.8 Shields
 + Level 3.2 Spellcasting
 + Level 0.7 Transmutations
 * Level 11.7 Earth Magic


You had 7 spell levels left.
You knew the following spells:

 Your Spells              Type           Power        Failure   Level  Hunger
a - Sandblast             Erth           #####.       1%          1    None
b - Passwall              Tmut/Erth      ###.....     11%         2    ##.....
c - Stone Arrow           Conj/Erth      ###...       24%         3    ###....

Your spell library contained the following spells:

 Spells                   Type           Power        Failure   Level  Hunger
 Magic Dart               Conj           #...         67%         1    None
 Lee's Rapid Deconstruct  Erth           #####.....   21%         5    ######.
 Petrify                  Tmut/Erth      ###.....     56%         4    ####...


Dungeon Overview and Level Annotations

Branches:
Dungeon (6/15)             Temple (1/1) D:4

Altars:
Ashenzari
Cheibriados
Dithmenos
Elyvilon
Gozag
Hepliaklqana
Makhleb
Qazlal
Ru
Sif Muna
Trog
Uskayaw
Vehumet
Xom
Zin

Annotations:
D:3 3 runed translucent doors, Fang's ghost, amateur GrBe; civil's ghost, amateur DECj; savagemonk's ghost, amateur MiFi


Innate Abilities, Weirdness & Mutations

You are resistant to torment.
Your stone body is resilient. (AC +5)
You are immune to poison.
You resist negative energy. (rN+)
You are resistant to electric shocks. (rElec)
You can survive without breathing.
You are immune to petrification.
You are immune to rotting.


Message History

The orc warrior hits you from afar with a +0 glaive!
Casting: Sandblast (safe; 1% risk of failure)
Confirm with . or Enter, or press ? or * to list all spells.
Aiming: Sandblast (safe; 1% risk of failure)
Press: ? - help, Shift-Dir - straight line, f/p - orc warrior
Aim: an orc warrior, wielding a +0 glaive and wearing a +0 chain mail The blast of sand hits the orc warrior!
The orc warrior is moderately wounded.
b - 8 stones You block the orc warrior's attack.
Casting: Sandblast (safe; 1% risk of failure)
Confirm with . or Enter, or press ? or * to list all spells.
Aiming: Sandblast (safe; 1% risk of failure)
Press: ? - help, Shift-Dir - straight line, f/p - orc warrior
Aim: an orc warrior, wielding a +0 glaive and wearing a +0 chain mail (moderately wounded)
The blast of sand misses the orc warrior.
b - 7 stones The orc warrior hits you from afar with a +0 glaive!!
Ouch! That really hurt!
You die...

#....# #....#
#....######+
#...........
#...........
####...........
......).....?..
.....o)@)....#
.......)######
........#
####....#
#....# #....#
#######....#
#..o.<.....#
#...o......#


You could see an orc warrior.

Vanquished Creatures
  Menkaure (D:5)
  Duvessa (D:5)
  An orc warrior (D:5)
  An ice beast (D:5)
  A necrophage (D:5)
  2 phantoms
  A bullfrog (D:2)
  Dowan (D:5)
  A scorpion (D:5)
  A bullfrog zombie (D:5)
  2 hounds (D:4)
  An iguana (D:5)
  Ijyb (D:3)
  4 orc wizards
  A worker ant (D:5)
  8 adders
  3 oozes
  A worm (D:5)
  4 dart slugs
  2 leopard geckos
  18 orcs
  2 giant cockroaches
  5 goblins
  6 hobgoblins
  4 jackals
  3 quokkas
  5 bats
  7 frilled lizards
  A jackal zombie (D:5)
  2 kobolds (D:2)
  4 rats
95 creatures vanquished.

Vanquished Creatures (others)
  4 withered plants (D:3)
4 creatures vanquished.

Grand Total: 99 creatures vanquished

Notes
Turn   | Place    | Note
-------+----------+-------------------------------------------
     0 | D:1      | CBukowski the Gargoyle Earth Elementalist began the quest
                  | for the Orb.
     0 | D:1      | Reached XP level 1. HP: 10/10 MP: 3/3
   298 | D:1      | Reached skill level 4 in Earth Magic
   812 | D:1      | Reached XP level 2. HP: 6/15 MP: 5/5
  1194 | D:2      | Noticed a bullfrog
  1237 | D:2      | Killed a bullfrog
  1237 | D:2      | Reached skill level 1 in Shields
  1237 | D:2      | Reached skill level 5 in Earth Magic
  1237 | D:2      | Reached XP level 3. HP: 12/19 MP: 1/6
  1237 | D:2      | Reached XP level 4. HP: 16/24 MP: 1/7
  2268 | D:3      | Reached XP level 5. HP: 19/28 MP: 6/9
  2633 | D:3      | Noticed Ijyb
  2649 | D:3      | Found a runed translucent gate.
  2650 | D:3      | Found a runed translucent gate.
  2651 | D:3      | Found a runed translucent gate.
  2654 | D:3      | Noticed civil's ghost (amateur DECj)
  2654 | D:3      | Noticed savagemonk's ghost (amateur MiFi)
  2654 | D:3      | Noticed Fang's ghost (amateur GrBe)
  2859 | D:3      | Killed Ijyb
  2859 | D:3      | Reached skill level 6 in Earth Magic
  3979 | D:4      | Noticed a phantom
  3992 | D:4      | Killed a phantom
  3992 | D:4      | Reached skill level 7 in Earth Magic
  3992 | D:4      | Reached XP level 6. HP: 31/32 MP: 1/10
  4526 | D:4      | Found a shattered altar of Ashenzari.
  4774 | D:4      | Found a staircase to the Ecumenical Temple.
  4805 | Temple   | Entered the Ecumenical Temple
  4858 | Temple   | Became a worshipper of Vehumet
  4896 | D:4      | Found a hazy altar of Hepliaklqana.
  5012 | D:5      | Entered Level 5 of the Dungeon
  5071 | D:5      | Noticed Duvessa
  5071 | D:5      | Noticed Dowan
  5077 | D:5      | Killed Duvessa
  5077 | D:5      | Reached skill level 8 in Earth Magic
  5077 | D:5      | Reached XP level 7. HP: 19/36 MP: 4/11
  5116 | D:5      | Killed Dowan
  5267 | D:5      | Reached skill level 9 in Earth Magic
  5282 | D:5      | Learned a level 2 spell: Passwall
  5287 | D:5      | Learned a level 3 spell: Stone Arrow
  5750 | D:5      | Reached skill level 10 in Earth Magic
  5834 | D:5      | Found a shadowy altar of Dithmenos.
  5843 | D:5      | Reached XP level 8. HP: 41/41 MP: 9/12
  6336 | D:5      | Reached * piety under Vehumet
  6336 | D:5      | Offered knowledge of Magic Dart by Vehumet.
  6423 | D:6      | Noticed Menkaure
  6429 | D:5      | Killed Menkaure
  6429 | D:5      | Reached skill level 11 in Earth Magic
  6816 | D:6      | Slain by an orc warrior

Levels and vault maps discovered:
D:1:      dpeg_arrival_boxorama, layout_rooms
D:2:      layout_rooms
D:3:      layout_basic, first_ration, gammafunk_ghost_cemetery, uniq_ijyb
D:4:      layout_basic, lemuel_round_altar, marbit_many_paths,
          minmay_temple_entry_statues_fountains,
          hangedman_abyss_or_decor_stagger, kennysheep_generic_room_9
D:5:      layout_loops_corners, nicolae_dithmenos_through_a_glass_darkly,
          uniq_duvessa
D:6:      layout_gridville, ebering_ghost_rock_garden, trog_book, uniq_edmund,
          uniq_menkaure
Temple:   cyrus_circular_temple

Skill      XL: |  1  2  3  4  5  6  7  8 |
---------------+-------------------------+-----
Earth Magic    | 4 5 7 8 10 11 | 11.7
Shields        | 1 |  1.8
Spellcasting   | 3 |  3.2
Dodging        | |  1.5
Stealth        | |  2.1
Transmutations | |  0.7

Action                   |  1- 3 |  4- 6 |  7- 9 || total
-------------------------+-------+-------+-------++-------
Melee: Unarmed           |    72 |   417 |    63 ||   552
 Cast: Sandblast         |     4 |    60 |    77 ||   141
       Stone Arrow       |       |       |     1 ||     1
  Use: Scroll            |       |     2 |     2 ||     4
       Potion            |       |       |     2 ||     2
 Stab: Sleeping          |     1 |     1 |       ||     2
  Eat: Chunk             |     1 |     3 |     2 ||     6
       Ration            |       |     3 |     1 ||     4
Armor: Robe              |    35 |   164 |    41 ||   240
       Skin              |       |       |     1 ||     1
Dodge: Dodged            |    39 |   159 |    48 ||   246
Block: Shield            |    37 |   208 |    56 ||   301
